 Dungeon Crawl Stone Soup version 0.31-a0-188-g5e087ee2ca (webtiles) character file.

Game seed: 18351323472815615744

158 qw the Skirmisher (level 5, -14/29 HPs)
             Began as a Deep Elf Hunter on June 23, 2023.
             Demolished by a sleepcap (18 damage)
             ... on level 4 of the Dungeon.
             The game lasted 00:00:49 (2351 turns).

qw the Skirmisher (Deep Elf Hunter)                 Turns: 2351, Time: 00:00:50

Health: -14/29     AC:  6    Str: 10    XL:     5   Next: 16%
Magic:  7/7        EV:  2    Int: 14    God:
Gold:   145        SH:  0    Dex: 18    Spells: 4/4 levels left

rFire   . . .        Y - +0 shortbow
rCold   . . .        (shield currently unavailable)
rNeg    . . .        d - +0 scale mail
rPois   .            (no helmet)
rElec   .            (no cloak)
rCorr   .            (no gloves)
SInv    +            (no boots)
Will    .....        (no amulet)
Stlth   +            f - ring of see invisible
HPRegen 0.24/turn    (no ring)
MPRegen 0.10/turn

%: no passive effects
@: sleeping
A: no striking features
a: no special abilities


You were on level 4 of the Dungeon.
You visited 1 branch of the dungeon, and saw 4 of its levels.

You collected 145 gold pieces.


   Skills:
 - Level 1.5 Fighting
 + Level 8.6 Ranged Weapons
 - Level 2.4 Dodging
 - Level 1.2 Stealth


You had 4 spell levels left.
You didn't know any spells.
Your spell library was empty.

Inventory:

Hand Weapons
 Y - a +0 shortbow (weapon)
Armour
 d - a +0 scale mail (worn)
Jewellery
 f - a ring of see invisible (left hand)
Wands
 c - a wand of digging (6)
Scrolls
 a - 3 scrolls of identify
Potions
 e - a potion of curing
 g - a potion of haste {unknown}
 h - a potion of degeneration {unknown}

Dungeon Overview and Level Annotations

Branches:
Dungeon (4/15)
 Temple: D:4-7

Altars:
Sif Muna

Shops:
D:1 *


Message History

The sleepcap releases spores at the plant!
The plant begins to die.
The sleepcap releases spores at the plant.
The sleepcap releases spores at the plant!
The sleepcap releases spores at the plant.
A nearby plant withers and dies.
You shoot an arrow. The arrow hits the sleepcap!
The sleepcap is moderately damaged.
You shoot an arrow.
The arrow hits the sleepcap but does no damage.
The sleepcap is moderately damaged.
You shoot an arrow. The arrow hits the sleepcap.
The sleepcap is moderately damaged.
The sleepcap releases spores at you but does no damage.
The sleepcap releases spores at you.
You are engulfed in a cloud of soporific spores!
You fall asleep.
The sleepcap barely misses you. The sleepcap releases spores at you!
You wake up.
Ouch! That really hurt!
You shoot an arrow.
The arrow hits the sleepcap but does no damage.
The sleepcap is moderately damaged.
The sleepcap releases spores at you.
You shoot an arrow. The arrow hits the sleepcap.
The sleepcap is heavily damaged.
The sleepcap closely misses you.
You shoot an arrow. The arrow hits the sleepcap.
The sleepcap is heavily damaged.
The sleepcap releases spores at you.
You are engulfed in a cloud of soporific spores!
You are unaffected.
You shoot an arrow.
The arrow hits the sleepcap but does no damage.
The sleepcap is heavily damaged.
The sleepcap releases spores at you.
You are engulfed in a cloud of soporific spores!
You fall asleep.
The sleepcap releases spores at you!!
Ouch! That really hurt!
You die...

#.....#.......#
#.....####....#
+.............#
#.....####.##.#
#.....####....#.#
#...............#
####
+.(........######
##P...#....#######
...PP..@....#
..77PP.f###.#
77.P.. #.#
777.P##.# 7..##.#
.7.##.# . .##.# P
###.# #.#


You could see a sleepcap.

Vanquished Creatures
  Terence (D:2)
  A gnoll (D:1)
  6 adders
  3 worms (D:3)
  3 dart slugs (D:3)
  An orc (D:3)
  8 bats
  3 endoplasms (D:3)
  9 hobgoblins
  A jackal (D:1)
  2 quokkas (D:2)
  3 ball pythons (D:1)
  3 frilled lizards
  2 goblins (D:2)
  9 kobolds
  2 rats
57 creatures vanquished.

Notes
Turn   | Place    | Note
-------+----------+-------------------------------------------
     0 | D:1      | qw the Deep Elf Hunter began the quest for the Orb.
     0 | D:1      | Reached XP level 1. HP: 12/12 MP: 3/3
     0 | D:1      | 0 ||| qw: Version: 0.3-a-9-g12657ce
     0 | D:1      | 0 ||| qw: Game counter: 3592
     0 | D:1      | 0 ||| qw: Always use a shield: true
     0 | D:1      | 0 ||| qw: God list: Okawaru
     0 | D:1      | 0 ||| qw: Allow faded altars: false
     0 | D:1      | 0 ||| qw: Do Orc after D:15 true
     0 | D:1      | 0 ||| qw: Do second Lair branch before Depths: true
     0 | D:1      | 0 ||| qw: Lair rune preference: random
     0 | D:1      | 0 ||| qw: Plans: Normal
     0 | D:1      | 0 ||| PLANNING D:1-11
   121 | D:1      | Reached XP level 2. HP: 16/16 MP: 4/4
   125 | D:1      | Reached skill level 6 in Ranged Weapons
   145 | D:1      | Found Zeguwir's Assorted Antiques.
   153 | D:1      | 153 ||| SHOPLISTING fuming black potion (22 gold, have 20).
   153 | D:1      | 153 ||| SHOPLISTING helmet (112 gold, have 20).
   153 | D:1      | 153 ||| SHOPLISTING scroll labelled ALUIFO MAACAO (25 gold,
                  | have 20).
   153 | D:1      | 153 ||| SHOPLISTING scroll labelled OMAUMO PIEL (25 gold,
                  | have 20).
   230 | D:1      | HP: 3/16 [gnoll/+0 flail (11)]
   389 | D:1      | Reached XP level 3. HP: 17/20 MP: 5/5
   527 | D:1      | 527 ||| READING 3 scrolls labelled CAYRIU IDEDIUKI.
   528 | D:1      | 528 ||| READING scroll labelled ATUDYNNUNK.
   529 | D:1      | 529 ||| READING 2 scrolls of identify.
   529 | D:1      | 529 ||| IDENTIFYING ruby potion
   530 | D:1      | 530 ||| DROPPING scroll of butterflies.
   531 | D:1      | 531 ||| DROPPING potion of berserk rage.
   574 | D:2      | Noticed Terence
   599 | D:2      | Killed Terence
   600 | D:2      | Reached skill level 7 in Ranged Weapons
   712 | D:2      | Reached XP level 4. HP: 25/25 MP: 6/6
   876 | D:2      | HP: 6/25 [poisoned by an adder]
  1254 | D:2      | 1254 ||| UPGRADING to +0 scale mail.
  1264 | D:2      | 1264 ||| DROPPING +0 leather armour.
  1265 | D:2      | 1265 ||| UPGRADING to ring of see invisible.
  1266 | D:2      | 1266 ||| READING scroll labelled FEROORE VIASIT.
  1267 | D:2      | 1267 ||| READING 2 scrolls labelled USURAWK FIEDI.
  1311 | D:2      | 1311 ||| READING 2 scrolls of identify.
  1311 | D:2      | 1311 ||| IDENTIFYING sedimented silvery potion
  1312 | D:2      | 1312 ||| DROPPING scroll of torment.
  1341 | D:3      | Reached skill level 8 in Ranged Weapons
  1575 | D:3      | Reached XP level 5. HP: 29/29 MP: 7/7
  2140 | D:3      | Found a shimmering blue altar of Sif Muna.
  2246 | D:3      | 2246 ||| READING scroll labelled ZEVAIT ZUUTEAFAENK.
  2351 | D:4      | HP: 4/29 [sleepcap (6)]
  2351 | D:4      | Demolished by a sleepcap

Levels and vault maps discovered:
D:1:      amcnicky_arrival_single_pillar, layout_rooms, serial_shops,
          nicolae_shop_overgrown_old_shop, minmay_octomino_j4
D:2:      layout_loops_ring, dk_noncrumbling_4, minmay_tiny_reverse_x,
          uniq_terence
D:3:      layout_basic, led_sif_pool, small_statue_intersection
D:4:      layout_basic, serial_forest, infiniplex_forest_straight_4,
          infiniplex_forest_clump_medium, infiniplex_forest_corner_2,
          infiniplex_forest_clump_large, infiniplex_forest_lined_room_2,
          infiniplex_forest_clump_double, infiniplex_forest_clump_cross,
          infiniplex_forest_end_2, infiniplex_forest_3_way,
          infiniplex_forest_lined_3_way

Skill      XL: |  1  2  3  4 |
---------------+-------------+-----
Ranged Weapons | 6 7 8 |  8.6
Fighting       | |  1.5
Dodging        | |  2.4
Stealth        | |  1.2

Action                     |  1- 3 |  4- 6 || total
---------------------------+-------+-------++-------
   Fire: Shortbow          |    86 |   110 ||   196
    Use: Scroll            |     3 |     4 ||     7
 Armour: Leather armour    |     6 |     4 ||    10
         Skin              |    13 |       ||    13
         Scale mail        |       |    13 ||    13
  Dodge: Dodged            |    20 |    30 ||    50

Table legend:
 A = Non-vault XP
 B = Vault XP
 C = Vault XP percentage of total XP
 D = Non-vault monster count
 E = Vault monster count
 F = Vault count percentage of total count
                 A         B        C        D         E       F
            +---------+---------+-------+---------+---------+-------
      Total |     182 |      44 |  19.5 |      51 |       6 |  10.5
            +---------+---------+-------+---------+---------+-------
        D:1 |      43 |       5 |  10.4 |      19 |       3 |  13.6
        D:2 |      56 |      39 |  41.1 |      14 |       3 |  17.6
        D:3 |      82 |       0 |   0.0 |      17 |       0 |   0.0
        D:4 |       1 |       0 |   0.0 |       1 |       0 |   0.0
            +---------+---------+-------+---------+---------+-------
